 Dungeon Crawl Stone Soup version 0.30-a0-218-gedb9141078 (webtiles) character file.

Game seed: 5789281433254091440

389 ytrimaz the Fighter (level 6, -1/74 HPs)
             Began as an Ogre Transmuter on Oct 5, 2022.
             Slain by a black bear (3 damage)
             ... on level 4 of the Dungeon.
             The game lasted 00:05:03 (3716 turns).

ytrimaz the Fighter (Ogre Transmuter)               Turns: 3716, Time: 00:05:03

Health: -1/74      AC:  3    Str: 19    XL:     6   Next: 79%
Magic:  18/18      EV:  9    Int: 15    God:
Gold:   297        SH:  0    Dex:  8    Spells: 6/9 levels left

rFire   . . .      SeeInvis .      - Unarmed
rCold   . . .      Faith    .    (no shield)
rNeg    . . .      Spirit   .    a - +0 robe
rPois   .          Reflect  .    (helmet restricted)
rElec   .          Harm     .    (no cloak)
rCorr   .          Rampage  .    (gloves unavailable)
Will    .....      Rage     3%   (boots unavailable)
Stlth   +.........               (no amulet)
HPRegen 0.32/turn                f - ring of magical power
MPRegen 0.16/turn                (no ring)

@: mighty, wereblooded
A: large, unfitting armour, tough skin 1, berserk 1, strong 1
a: no special abilities


You were on level 4 of the Dungeon.
You visited 1 branch of the dungeon, and saw 4 of its levels.

You collected 297 gold pieces.


Innate Abilities, Weirdness & Mutations

You are too large for most types of armour.
You have tough skin. (AC +1)
You sometimes lose your temper in combat.
Your muscles are strong. (Str +4, Int/Dex -1)


   Skills:
 + Level 8.9 Fighting
 - Level 1.7 Dodging
 - Level 2.6 Unarmed Combat
 - Level 2.4 Spellcasting
 - Level 1.7 Transmutations


You had 6 spell levels left.
You knew the following spells:

 Your Spells              Type           Power      Damage    Failure   Level
a - Beastly Appendage     Tmut           14%        N/A       11%         1
b - Wereblood             Tmut           7%         N/A       16%         2

Your spell library contained the following spells:

 Spells                   Type           Power      Damage    Failure   Level
 Ensorcelled Hibernation  Hex/Ice        2%         N/A       32%         2
 Spider Form              Tmut/Pois      4%         N/A       41%         3
 Ice Form                 Ice/Tmut       4%         N/A       82%         4
 Anguish                  Hex/Necr       0%         N/A       91%         4

Inventory:

Armour
 a - a +0 robe (worn)
Jewellery
 f - a ring of magical power (left hand)
   (You found it on level 1 of the Dungeon)
 i - a ring of flight
   (You found it on level 2 of the Dungeon)
Wands
 k - a wand of flame (16)
   (You took it off Ijyb on level 3 of the Dungeon)
Scrolls
 j - a scroll of teleportation
Potions
 e - 2 potions of curing
 g - 2 potions of invisibility
 h - 3 potions of haste {unknown}

Dungeon Overview and Level Annotations

Branches:
Dungeon (4/15) Zot: 20258
 Temple: D:4-7

Altars:
Makhleb
Xom

Shops:
D:1 *

Annotations:
D:2 1 runed translucent door, Crazy Yiuf

###################
....
#.................#
≈.≈≈
#.###############.#
.≈... #.# #.# .≈.≈.
###.#######
#######.### ..≈.≈.
..........#
..........##..§.≈.
.....####.#
.#####........≈...
###..#
#.h...†....≈.≈≈
#..#
#@#..#.#.#.....
###..#
........#......#
.#.# .....#
.######.#......##..
####.# #.#........#
#.# #.#......#.#
#.# ..#.#....#.#
#.# ..#......# #
#.. ..###...## ###
##.##


You could see a black bear.


Message History

You take 2 damage, and now have 36/74 hp.
You hit the scorpion but do no damage. Your headbutt misses the scorpion.
The scorpion stings you.
* * * LOW HITPOINT WARNING * * *
You are poisoned.
The scorpion poisons you! 😨 HP[-5]
You take 5 damage, and now have 31/74 hp.
Unknown command.
Casting: Beastly Appendage (safe; 11% risk of failure)
Confirm with . or Enter, or press ? or * to list all spells.
Your blood is infused with primal strength.
Your horns disappear.
Your talons disappear.
You feel sick. The scorpion barely misses you. The scorpion stings you!
* * * LOW HITPOINT WARNING * * *
You are more poisoned.
The scorpion poisons you! 😨 HP[-8] MP[-2]
You take 8 damage, and now have 23/74 hp.
You lost 2 mp, and now have 16/18 mp.
You hit the scorpion but do no damage.
* * * LOW HITPOINT WARNING * * *
You feel very sick.
The scorpion closely misses you. 😱 HP[-5]
You take 5 damage, and now have 18/74 hp.
Unknown command.
You feel better. The scorpion stings you.
* * * LOW HITPOINT WARNING * * *
It was a potion of might.
You feel very mighty all of a sudden. The scorpion stings you.
* * * LOW HITPOINT WARNING * * *
😱 HP[-1]
You take 1 damage, and now have 17/74 hp.
You feel much better.
The scorpion barely misses you. 😮 HP[+23]
You regained 23 hp, and now have 40/74 hp.
Unknown command.
You barely miss the scorpion. The scorpion stings you.
* * * LOW HITPOINT WARNING * * *
You are poisoned.
The scorpion poisons you! 😨 HP[-4] MP[+1]
You take 4 damage, and now have 36/74 hp.
You punch the scorpion!
You feel very sick. The scorpion stings you.
* * * LOW HITPOINT WARNING * * *
The scorpion stings you.
* * * LOW HITPOINT WARNING * * *
😨 HP[-10]
You take 10 damage, and now have 26/74 hp.
You punch the scorpion!
You feel a bit better.
You kill the scorpion!
You feel sick. The adder bites you.
* * * LOW HITPOINT WARNING * * *
😨 HP[-3]
You take 3 damage, and now have 23/74 hp.
Unknown command.
You punch the adder!
You feel sick. The adder barely misses you. 😨 HP[-2]
You take 2 damage, and now have 21/74 hp.
Unknown command.
You are too injured to fight recklessly!
You closely miss the adder.
You feel sick.
The adder bites you but does no damage. 😨 HP[-1]
You take 1 damage, and now have 20/74 hp.
Unknown command.
You closely miss the adder.
You feel sick.
The adder bites you but does no damage. 😨 HP[-1]
You take 1 damage, and now have 19/74 hp.
You punch the adder!
You feel a bit better.
You kill the adder!
You feel sick. 😨 HP[+1]
You punch the black bear!
You feel sick. The black bear bites you.
* * * LOW HITPOINT WARNING * * *
The black bear claws you but does no damage.
The black bear claws you.
* * * LOW HITPOINT WARNING * * *
😱 HP[-6] MP[+1]
You take 6 damage, and now have 14/74 hp.
Your mp is fully restored (18).
Unknown command.
You punch the black bear!
You howl as the wereblood boils in your veins!
You feel sick. The black bear bites you!
* * * LOW HITPOINT WARNING * * *
The black bear closely misses you. The black bear claws you.
* * * LOW HITPOINT WARNING * * *
😱 HP[-11]
You take 11 damage, and now have 3/74 hp.
You hit the black bear.
You feel sick.
You are no longer poisoned.
The black bear bites you but does no damage.
The black bear claws you.
You die...

Skill      XL: |  1  2  3  4  5  6 |
---------------+-------------------+-----
Fighting       | 2 3 4 6 7 8 |  8.9
Dodging        | |  1.7
Unarmed Combat | |  2.6
Spellcasting   | |  2.4
Transmutations | |  1.7

Action                   |  1- 3 |  4- 6 || total
-------------------------+-------+-------++-------
Melee: Unarmed           |    90 |   204 ||   294
       Headbutt          |    12 |    12 ||    24
       Kick              |    14 |    16 ||    30
       Punch             |     2 |     1 ||     3
 Cast: Beastly Appendage |    17 |    23 ||    40
       Wereblood         |     1 |     3 ||     4
  Use: Potion            |     1 |     8 ||     9
       Scroll            |     1 |     2 ||     3
 Stab: Sleeping          |     1 |       ||     1
Armor: Robe              |    21 |    63 ||    84
       Skin              |    12 |     2 ||    14
Dodge: Dodged            |    38 |    74 ||   112

Levels and vault maps discovered:
D:1:      lightli_arrival_lavapool, layout_basic, serial_shops,
          nicolae_shop_window_shopping
D:2:      layout_rooms, basic_altar, hellmonk_ecumenical_altar_zigzags,
          uniq_crazy_yiuf_cottage, uniq_robin
D:3:      layout_basic, lemuel_round_altar, grunt_decor_one_mirror,
          minivault_11, minivault_5, uniq_ijyb
D:4:      layout_loops_ring, mainiacjoe_overflow_cross_hatched,
          minmay_liquid_box

Notes
Turn   | Place    | Note
-------+----------+-------------------------------------------
     0 | D:1      | ytrimaz the Ogre Transmuter began the quest for the Orb.
     0 | D:1      | Reached XP level 1. HP: 19/19 MP: 3/3
     0 | D:1      | magus.rc [v1.9.6]
   112 | D:1      | Reached skill level 2 in Fighting
   152 | D:1      | Reached XP level 2. HP: 23/29 MP: 3/5
   227 | D:1      | Found Huyverio's General Store.
   269 | D:1      | Reached skill level 3 in Fighting
   475 | D:1      | Reached XP level 3. HP: 34/39 MP: 4/6
   478 | D:1      | Learned a level 2 spell: Wereblood
   699 | D:1      | Reached skill level 4 in Fighting
   933 | D:2      | Noticed Robin
   952 | D:2      | HP: 10/40 [hobgoblin[Robin] (5)]
   966 | D:2      | Killed Robin
   967 | D:2      | Reached XP level 4. HP: 31/49 MP: 7/7
   987 | D:2      | Reached skill level 5 in Fighting
  1158 | D:2      | You pick up a book of Dreams and begin reading...
  1158 | D:2      | You add the spells Ensorcelled Hibernation and Anguish to
                  | your library.
  1212 | D:2      | Found a burning altar of Makhleb.
  1402 | D:2      | Found a faded altar of an unknown god.
  1650 | D:2      | Found a runed translucent door.
  1651 | D:2      | Noticed Crazy Yiuf
  2000 | D:3      | HP: 6/50 [gnoll/+0 halberd (11)]
  2324 | D:3      | Reached skill level 6 in Fighting
  2340 | D:3      | Noticed Ijyb
  2360 | D:3      | Killed Ijyb
  2361 | D:3      | Reached XP level 5. HP: 38/61 MP: 8/8
  2497 | D:3      | Found a shimmering altar of Xom.
  2957 | D:4      | Noticed a phantom
  2958 | D:4      | Gained mutation: You sometimes lose your temper in combat.
                  | [potion of mutation]
  2958 | D:4      | Gained mutation: Your muscles are strong. (Str +4, Int/Dex
                  | -1) [potion of mutation]
  2980 | D:4      | HP: 14/61 [something/puff of flame (7)]
  2999 | D:4      | Killed a phantom
  3000 | D:4      | Reached skill level 7 in Fighting
  3000 | D:4      | Reached XP level 6. HP: 46/72 MP: 9/9
  3017 | D:4      | Reached skill level 8 in Fighting
  3688 | D:4      | Noticed a black bear
  3703 | D:4      | HP: 18/74 [poisoned by a scorpion]
  3714 | D:4      | HP: 18/74 [black bear (2)]
  3715 | D:4      | HP: 5/74 [black bear (8)]
  3716 | D:4      | HP: 2/74 [poisoned by a scorpion]
  3716 | D:4      | Slain by a black bear

Vanquished Creatures
  A phantom (D:4)
  A scorpion (D:4)
  Ijyb (D:3)
  2 orc wizards (D:4)
  Robin (D:2)
  3 gnolls
  4 adders
  A shadow imp (D:4)
  An ufetubus (D:3)
  2 dart slugs (D:1)
  9 orcs
  5 ball pythons
  5 endoplasms
  3 giant cockroaches
  12 goblins
  11 hobgoblins
  7 kobolds
  3 quokkas
  3 frilled lizards
  7 rats
82 creatures vanquished.

Table legend:
 A = Non-vault XP
 B = Vault XP
 C = Vault XP percentage of total XP
 D = Non-vault monster count
 E = Vault monster count
 F = Vault count percentage of total count
                 A         B        C        D         E       F
            +---------+---------+-------+---------+---------+-------
      Total |     483 |      73 |  13.1 |      70 |      12 |  14.6
            +---------+---------+-------+---------+---------+-------
        D:1 |      45 |       0 |   0.0 |      24 |       0 |   0.0
        D:2 |      31 |      34 |  52.3 |      13 |      11 |  45.8
        D:3 |      67 |      39 |  36.8 |      13 |       1 |   7.1
        D:4 |     340 |       0 |   0.0 |      20 |       0 |   0.0
            +---------+---------+-------+---------+---------+-------

Illustrated notes

Table legend:
 A = Kills in this place as a percentage of kills in entire the game.
 B = Kills by you in this place as a percentage of kills by you in the entire game.
 C = Kills by friends in this place as a percentage of kills by friends in the entire game.
 D = Other kills in this place as a percentage of other kills in the entire game.
 E = Experience gained in this place as a percentage of experience gained in the entire game.
 F = Experience gained in this place divided by the number of levels of this place that you have seen.
                   A       B       C       D       E      F
               +-------+-------+-------+-------+-------+----------------------
         Total | 100.0 | 100.0 |   N/A |   N/A | 100.0 | 139.0
       Dungeon | 100.0 | 100.0 |   N/A |   N/A | 100.0 | 139.0
               +-------+-------+-------+-------+-------+----------------------

Table legend: (Time is in decaauts)
 A = Elapsed time spent in this place.
 B = Non-inter-level travel time spent in this place.
 C = Inter-level travel time spent in this place.
 D = Time resting spent in this place.
 E = Time spent auto-exploring this place.
 F = Levels seen in this place.
 G = Mean time per level.
                   A        B        C        D        E       F      G
               +--------+--------+--------+--------+--------+-----+--------+
         Total |   3740 |   3688 |     52 |    284 |   2753 |   4 |  935.0 |
       Dungeon |   3740 |   3688 |     52 |    284 |   2753 |   4 |  935.0 |
               +--------+--------+--------+--------+--------+-----+--------+

Top non-repeatable levels by time:
     D:3: 1272 daAuts
     D:1: 905 daAuts
     D:4: 793 daAuts
     D:2: 769 daAuts
